AoeStats
← MAOC DSW

Oasis

509719577Analyzed
2v2 RM · 4d ago on Sep 27, 2026· 86m 26s· 4 players
Game mode
Random Map
Map size
Medium (4 player)
Population
200
Speed
Normal
Resources
Standard
Victory
Conquest
Starting age
Dark Age
Ending age
Imperial Age
RankedLock teamsTeams togetherTeam positionsShared explorationLock speedFull tech treeHidden civsTurbo modeCheats
Victory
Defeat
🇬🇷 Bulgarians · Greece
956
+15
🇺🇸 Berbers · United States
938
+16
🇩🇴 Japanese · Dominican Republic
945
-16
🇩🇴 Persians · Dominican Republic
925
-15
luismuli
5:57 Loom
13:22 Feudal Age
16:19 Horse Collar
16:33 Double-Bit Axe
17:16 Gold Mining
21:24 Castle Age
22:40 Crossbowman
23:21 Fletching
23:42 Forging
25:13 Bodkin Arrow
25:44 Man-at-Arms
26:09 Gambesons
28:01 Stone Mining
28:29 Heavy Plow
28:59 Ballistics
30:53 Scale Mail Armor
34:44 Imperial Age
33:10 Gold Shaft Mining
33:02 Caravan
34:16 Thumb Ring
34:52 Iron Casting
34:08 Gambesons
35:49 Kataparuto
35:50 Conscription
35:07 Capped Ram
36:57 Parthian Tactics
36:22 Arbalester
39:14 Squires
39:00 Arson
38:37 Elite Samurai
38:57 Pikeman
40:31 Bracer
40:48 Chain Mail Armor
41:32 Halberdier
44:29 Plate Mail Armor
45:00 Blast Furnace
44:38 Onager
53:58 Elite Skirmisher
60:51 Bow Saw
62:20 Redemption
67:47 Two-Man Saw
68:14 Light Cavalry
68:55 Husbandry
72:07 Scale Barding Armor
77:32 Wheelbarrow
78:00 Padded Archer Armor
MAOC DSW
4:47 Loom
14:17 Feudal Age
15:21 Double-Bit Axe
23:27 Castle Age
22:13 Bloodlines
21:54 Horse Collar
24:20 Stone Mining
24:44 Bow Saw
24:51 Gold Mining
24:25 Crossbowman
25:11 Husbandry
25:34 Scale Barding Armor
25:39 Forging
27:03 Wheelbarrow
28:57 Iron Casting
30:29 Hand Cart
30:59 Town Watch
37:53 Imperial Age
34:55 Light Cavalry
35:46 Thumb Ring
35:56 Kamandaran
38:13 Town Patrol
38:40 Conscription
38:03 Heavy Camel Rider
39:53 Ballistics
41:02 Heavy Plow
41:43 Gold Shaft Mining
41:44 Stone Shaft Mining
41:21 Fletching
41:31 Padded Archer Armor
41:55 Chain Barding Armor
42:35 Blast Furnace
45:25 Plate Barding Armor
48:43 Pikeman
53:31 Squires
55:47 Caravan
55:33 Elite War Elephant
58:01 Hussar
58:41 Bodkin Arrow
59:01 Leather Archer Armor
59:51 Chemistry
70:03 Scale Mail Armor
masaoutis
4:27 Loom
12:51 Feudal Age
17:48 Castle Age
15:37 Horse Collar
16:35 Double-Bit Axe
19:33 Heavy Plow
24:38 Bow Saw
26:57 Gold Mining
26:58 Stone Mining
33:40 Imperial Age
31:42 Pikeman
32:27 Scale Mail Armor
32:38 Forging
36:07 Gold Shaft Mining
35:36 Gambesons
35:52 Squires
38:14 Iron Casting
37:45 Scale Barding Armor
37:32 Fletching
38:37 Conscription
39:15 Chain Barding Armor
39:11 Chain Mail Armor
39:56 Blast Furnace
40:03 Bloodlines
39:53 Husbandry
39:54 Stirrups
40:13 Elite Konnik
44:15 Plate Barding Armor
49:35 Halberdier
52:17 Plate Mail Armor
53:02 Light Cavalry
53:57 Hussar
55:10 Crop Rotation
58:48 Bagains
68:11 Bodkin Arrow
68:12 Elite Skirmisher
73:10 Capped Ram
74:18 Siege Ram
76:56 Wheelbarrow
casper4405
8:14 Loom
11:26 Feudal Age
15:09 Double-Bit Axe
19:31 Castle Age
17:19 Horse Collar
25:43 Bow Saw
27:08 Pikeman
28:33 Forging
31:13 Imperial Age
30:31 Wheelbarrow
29:43 Town Watch
30:03 Heavy Plow
31:19 Padded Archer Armor
31:10 Fletching
38:43 Crossbowman
39:56 Stone Mining
40:34 Bodkin Arrow
40:59 Hand Cart
41:19 Town Patrol
41:36 Leather Archer Armor
41:55 Thumb Ring
42:08 Capped Ram
43:47 Stone Shaft Mining
44:47 Ring Archer Armor
44:13 Light Cavalry
45:00 Husbandry
46:58 Crop Rotation
47:15 Conscription
47:16 Masonry
47:27 Ballistics
47:20 Masonry
46:51 Treadmill Crane
49:41 Bracer
49:48 Scale Barding Armor
49:41 Hussar
52:48 Kasbah
52:20 Man-at-Arms
53:01 Squires
53:53 Bloodlines
55:07 Long Swordsman
58:51 Chain Barding Armor
60:12 Chemistry
59:19 Siege Engineers
62:26 Iron Casting
63:12 Two-Handed Swordsman
65:47 Hoardings
65:11 Gold Mining
68:58 Elite Genitour
70:38 Elite Skirmisher
74:40 Heavy Scorpion
76:48 Redemption
77:10 Murder Holes
77:26 Fortified Wall
78:09 Caravan
78:32 Scale Mail Armor
79:08 Plate Barding Armor
79:34 Blast Furnace
82:48 Chain Mail Armor
Connection lost

Rejoining the realm…

Still unreachable

The connection could not be restored.

Session expired

The server has moved on; the page needs a fresh start.